 Dungeon Crawl Stone Soup version 0.29.1-15-g9cfb28693d (webtiles) character file.

Game seed: 10507027206791341589

69 javelincjr the Trooper (level 4, 0/35 HPs)
             Began as a Demonspawn Abyssal Knight on Mar 25, 2023.
             Was a Believer of Lugonu.
             Slain by an orc
             ... wielding a +0 whip
              (2 damage)
             ... on level 3 of the Dungeon.
             The game lasted 00:04:01 (3387 turns).

javelincjr the Trooper (Demonspawn Abyssal Knight)  Turns: 3387, Time: 00:04:01

Health: 0/35       AC:  3    Str: 15    XL:     4   Next: 2%
Magic:  6/6        EV: 11    Int: 18    God:    Lugonu [**....]
Gold:   79         SH:  0    Dex: 13    Spells: 3/3 levels left

rFire   x . .      SeeInvis .   q - +0 battleaxe
rCold   + . .      Faith    .   (shield currently unavailable)
rNeg    . . .      Spirit   .   b - +0 leather armour
rPois   .          Reflect  .   (helmet restricted)
rElec   .          Harm     .   (no cloak)
rCorr   .          Rampage  .   (no gloves)
Will    .....                   (no boots)
Stlth   +.........              (no amulet)
HPRegen 0.11/turn               j - +6 ring of intelligence
MPRegen 0.10/turn               f - ring of ice

@: no status effects
A: horns 1, foul stench 1
a: Renounce Religion, Depart the Abyss, Bend Space


You were on level 3 of the Dungeon.
You worshipped Lugonu.
Lugonu was pleased with you.
You visited 1 branch of the dungeon, and saw 3 of its levels.
You visited the Abyss 1 time.

You collected 79 gold pieces.

Inventory:

Hand Weapons
 a - a +1 hand axe
 q - a +0 battleaxe (weapon)
Missiles
 e - 6 boomerangs
 m - 2 poisoned darts
 s - 6 atropa-tipped darts
Armour
 b - a +0 leather armour (worn)
Jewellery
 f - a ring of ice (right hand)
 j - a +6 ring of intelligence (left hand)
Scrolls
 d - a scroll of fear {unknown}
 g - 2 scrolls of identify {unknown}
 k - a scroll of summoning {unknown}
 n - a scroll of vulnerability {unknown}
 o - a scroll of acquirement {unknown}
 r - a scroll of brand weapon {unknown}
Potions
 c - a potion of haste {unknown}
 h - 2 potions of flight {unknown}
 i - 3 potions of curing {unknown}
 l - 2 potions of lignification {unknown}
 p - a potion of invisibility {unknown}


   Skills:
 + Level 3.4 Fighting
 + Level 2.3 Axes
 + Level 2.3 Armour
 + Level 1.6 Dodging
 + Level 3.2 Invocations


You had 3 spell levels left.
You didn't know any spells.
Your spell library contained the following spells:

 Spells                   Type           Power      Damage    Failure   Level
 Sandblast                Erth           0%         2d4       26%         1
 Passwall                 Tmut/Erth      0%         N/A       38%         2
 Static Discharge         Conj/Air       0%         3-3/arc   38%         2
 Confusing Touch          Hex            0%         N/A       63%         3
 Stone Arrow              Conj/Erth      0%         3d7       63%         3
 Airstrike                Air            0%         2d(0-16)  95%         4
 Summon Lightning Spire   Summ/Air       0%         N/A       95%         4
 Lightning Bolt           Conj/Air       0%         1d11      100%        5
 Yara's Violent Unravell  Hex/Tmut       0%         3d3       100%        5
 Enfeeble                 Hex            0%         N/A       100%        7
 Maxwell's Capacitive Co  Air            0%         ∞         100%        8


Dungeon Overview and Level Annotations

Branches:
Dungeon (3/15)

Altars:
Trog

Annotations:
D:2 Sigmund


Innate Abilities, Weirdness & Mutations

You have a pair of small horns on your head.
You may rarely emit foul miasma when damaged in melee.


Message History

An endoplasm comes into view.
The endoplasm quivers.
No target in view!
No target in view!
No target in view!
Found a scroll labelled ETRECO PUSESI.
The endoplasm hits you but does no damage.
You hit the endoplasm.
The endoplasm is lightly wounded.
The endoplasm hits you.
You emit a cloud of foul miasma!
You slash the endoplasm!
You kill the endoplasm!
Lugonu accepts your kill.
No target in view!
An orc comes into view. It is wielding a +0 flail.
The orc shouts!
You hear a shout!
An orc comes into view. It is wielding a +0 whip.
The orc shouts!
An orc priest comes into view. It is wielding a +0 hand axe.
The orc priest shouts!
The orc priest moves out of view.
You hit the orc.
The orc is almost dead.
The orc hits you with a +0 flail!
An orc comes into view. It is wielding a +0 whip.
You closely miss the orc. Your headbutt misses the orc.
The orc is almost dead.
The orc priest casts a cantrip, but nothing happens.
The orc hits you with a +0 flail! The orc barely misses you.
You slash the orc!
You kill the orc!
Lugonu accepts your kill.
You hit the orc.
The orc priest invokes the aid of Beogh against you.
Pain shoots through your body!
* * * LOW HITPOINT WARNING * * *
The orc hits you with a +0 whip.
* * * LOW HITPOINT WARNING * * *
The orc hits you with a +0 whip.
You die...

#. #.. #. #.. #. #..##
#. #.oo# #. #...# #.
#...# #.
#.o)###############.
#####..@#.....#.........
..............#.######..
..........#####.# #..
.?........# #.# #)#
########.## #.# #.# #..#
#.# #.. ##.#####.# #..
#.......# #.. ######..#
#..


You could see an orc priest and 2 orcs.

Vanquished Creatures
  2 adders
  A dart slug (D:2)
  3 orcs (D:3)
  2 bats
  3 endoplasms
  5 giant cockroaches
  3 goblins
  5 hobgoblins
  5 jackals (D:1)
  3 kobolds
  3 ball pythons
  3 frilled lizards
  2 rats
  A spectral goblin (D:1)
41 creatures vanquished.

Notes
Turn   | Place    | Note
-------+----------+-------------------------------------------
     0 | Abyss:1  | javelincjr the Demonspawn Abyssal Knight began the quest
                  | for the Orb.
     0 | Abyss:1  | Reached XP level 1. HP: 18/18 MP: 2/2
    24 | Abyss:1  | Noticed a fire bat
    24 | Abyss:1  | Noticed a worldbinder
    24 | Abyss:1  | Noticed a starcursed mass
    25 | D:1      | Escaped the Abyss
   215 | D:1      | Reached skill level 1 in Dodging
   269 | D:1      | Reached ** piety under Lugonu
   425 | D:1      | Gained mutation: You have a pair of small horns on your
                  | head. [demonic ancestry]
   425 | D:1      | Reached XP level 2. HP: 9/24 MP: 4/4
  1159 | D:1      | Found a faded altar of an unknown god.
  1608 | D:2      | Reached XP level 3. HP: 29/29 MP: 5/5
  1965 | D:2      | Noticed Sigmund
  2839 | D:3      | Found a bloodstained altar of Trog.
  3350 | D:3      | Gained mutation: You may rarely emit foul miasma when
                  | damaged in melee. [demonic ancestry]
  3350 | D:3      | Reached XP level 4. HP: 35/35 MP: 6/6
  3387 | D:3      | Slain by an orc

Illustrated notes

Levels and vault maps discovered:
D:1:      dpeg_arrival_water_fire, layout_basic,
          dreamdust_ecumenical_altar_drowned_temple
D:2:      layout_basic, serial_corexii_hall, corexii_hall_statues_deadend,
          corexii_hall_statues_u, uniq_sigmund
D:3:      layout_basic, mainiacjoe_overflow_cross_hatched, gammafunk_ghost_grave

Skill      XL: |  1  2 |
---------------+-------+-----
Dodging        | 1 |  1.6
Axes           | 2 |  2.3
Armour         | 2 |  2.3
Invocations    | 3 |  3.2
Fighting       | |  3.4

Action                   |  1- 3 |  4- 6 || total
-------------------------+-------+-------++-------
Melee: Hand axe          |   103 |       ||   103
       Headbutt          |    11 |       ||    11
       Punch             |     2 |       ||     2
       Battleaxe         |     1 |     5 ||     6
Invok: Depart the Abyss  |     1 |       ||     1
       Bend Space        |     1 |       ||     1
 Stab: Sleeping          |     1 |       ||     1
Armor: Leather armour    |    28 |     1 ||    29
Dodge: Dodged            |    72 |     1 ||    73
